 Dungeon Crawl Stone Soup version 0.22.1-2-g9c5b331 (webtiles) character file.

192 joejoepie the Shield-Bearer (level 6, -2/48 HPs)
             Began as a Formicid Fighter on Nov 14, 2018.
             Slain by an iguana (9 damage)
             ... on level 3 of the Dungeon.
             The game lasted 00:10:48 (2930 turns).

joejoepie the Shield-Bearer (Formicid Fighter)      Turns: 2930, Time: 00:10:49

Health: -2/48      AC:  7    Str: 26    XL:     6   Next: 2%
Magic:  6/6        EV: 10    Int:  7    God:
Gold:   166        SH:  7    Dex: 12    Spells: 5/5 levels left

rFire    . . .     SeeInvis +   a - +1 war axe
rCold    . . .     Gourm    .   m - +2 buckler
rNeg     . . .     Faith    .   b - +0 scale mail
rPois    .         Spirit   .   (helmet unavailable)
rElec    .         Reflect  .   (no cloak)
rCorr    .         Harm     .   (no gloves)
MR       .....                  (no boots)
Stlth    ..........             (no amulet)
HPRegen  0.16/turn              (no ring)
MPRegen  0.10/turn              (no ring)

@: mighty, glowing
A: permanent stasis, dig shafts and tunnels, four strong arms, antennae 3
a: Dig, Shaft Self


You were on level 3 of the Dungeon.
You were not hungry.

You visited 1 branch of the dungeon, and saw 3 of its levels.

You collected 166 gold pieces.

Inventory:

Hand Weapons
 a - a +1 war axe (weapon)
Armour
 b - a +0 scale mail (worn)
 c - a +0 shield
 m - a +2 buckler (worn)
Scrolls
 i - 2 scrolls of identify
 k - 6 scrolls of remove curse
Potions
 e - a potion of flight
 j - a potion of brilliance
Comestibles
 f - 2 rations
 g - 6 chunks of flesh


   Skills:
 + Level 3.8 Fighting
 + Level 3.8 Axes
 + Level 3.9 Armour
 + Level 1.3 Dodging
 + Level 4.9 Shields


You had 5 spell levels left.
You didn't know any spells.
Your spell library was empty.

Dungeon Overview and Level Annotations

Branches:
Dungeon (3/15)

Altars:
Elyvilon
Nemelex Xobeh
Qazlal
Xom
Zin


Innate Abilities, Weirdness & Mutations

You cannot be hasted, slowed, berserked, paralysed or teleported.
You can dig through walls and to a lower floor.
Your four strong arms can wield two-handed weapons with a shield.
You have a pair of large antennae on your head. (SInv)


Message History

You feel agile.
An orc comes into view. It is wielding a mace.
Things that are here:
a dagger of speed; a robe
Found 15 gold pieces.
An iguana comes into view.
The iguana hisses angrily.
Found a stone staircase leading up.
There are monsters nearby!
The iguana bites you!
* * * LOW HITPOINT WARNING * * *
Okay, then.
Okay, then.
You feel very mighty all of a sudden. The orc completely misses you.
You block the iguana's attack.
You slash the orc!
You kill the orc!
Your scale mail prevents you from hitting the iguana.
The iguana bites you!
You die...

###..##.#).##{#,,,,,,..,,*
###..##..).##.#****,..#***
........##..#.# *,..# ####
)..........#..# *...# #...
..............#####...##*** #.##
....#.##............>...,,***#.#.
..o.o.###).....o.......<,,,,,....
.o..####...#####)l...$..,,***#[#.
....# #...#..A#@.#...##*** #.#.
....# #.._#...#_.#...#* #...
##### #...#...#.......* #### *
#..(#####...##*,* # *
#...........# *,**** # #
#.#.......#.#**,,,,* # #
#.####)#.##..,,,**,* # #******#.#
#...#*#.#####.#######
#*,,,,,..######.#*#.............)


You could see an angel (mute), an iguana and an orc.

Vanquished Creatures
  A hound (D:3)
  An orc priest (D:3)
  Jessica (D:2)
  An orc wizard (D:3)
  An adder (D:2)
  2 dart slugs
  A worm (D:3)
  3 leopard geckos
  4 orcs (D:3)
  3 giant cockroaches
  5 goblins
  6 hobgoblins
  5 jackals
  A ball python skeleton (D:3)
  7 bats
  A frilled lizard (D:2)
  8 kobolds
  8 rats
59 creatures vanquished.

Notes
Turn   | Place    | Note
-------+----------+-------------------------------------------
     0 | D:1      | joejoepie the Formicid Fighter began the quest for the Orb.
     0 | D:1      | Reached XP level 1. HP: 18/18 MP: 1/1
   563 | D:1      | Reached XP level 2. HP: 16/24 MP: 2/2
   810 | D:1      | Reached skill level 4 in Shields
   872 | D:1      | Reached skill level 1 in Dodging
   872 | D:1      | Reached XP level 3. HP: 29/29 MP: 3/3
  1403 | D:2      | Noticed Jessica
  1432 | D:2      | Killed Jessica
  1432 | D:2      | Reached XP level 4. HP: 21/35 MP: 4/4
  1824 | D:2      | Found a stormy altar of Qazlal.
  1827 | D:2      | Found a sparkling altar of Nemelex Xobeh.
  1830 | D:2      | Found a white marble altar of Elyvilon.
  2761 | D:3      | Found a glowing silver altar of Zin.
  2761 | D:3      | Found a shimmering altar of Xom.
  2761 | D:3      | Noticed an angel
  2782 | D:3      | Reached XP level 5. HP: 32/41 MP: 5/5
  2913 | D:3      | Reached XP level 6. HP: 15/48 MP: 6/6
  2930 | D:3      | Slain by an iguana

Skill      XL: |  1  2  3  4 |
---------------+-------------+-----
Shields        | 4 |  4.9
Dodging        | 1 |  1.3
Axes           | 3 |  3.8
Fighting       | |  3.8
Armour         | |  3.9

Action                   |  1- 3 |  4- 6 || total
-------------------------+-------+-------++-------
Melee: War axe           |   107 |   139 ||   246
  Use: Scroll            |     3 |     6 ||     9
       Potion            |     1 |     3 ||     4
  Eat: Chunk             |     1 |     6 ||     7
Armor: Scale mail        |    52 |    47 ||    99
Dodge: Dodged            |    43 |    54 ||    97
Block: Shield            |    61 |    38 ||    99
       Buckler           |       |    34 ||    34
